 Dungeon Crawl Stone Soup version 0.28-a0-683-ga8797d1ae1 (webtiles) character file.

Game seed: 746939633941308548

557 shoop the Ogre Mage (level 7, 0/67 HPs)
             Began as an Ogre Hedge Wizard on Oct 18, 2021.
             Succumbed to an adder's poison
             ... on level 4 of the Dungeon.
             The game lasted 00:08:42 (4549 turns).

shoop the Ogre Mage (Ogre Hedge Wizard)             Turns: 4549, Time: 00:08:42

Health: 0/67       AC:  3    Str: 16    XL:     7   Next: 30%
Magic:  2/13       EV:  9    Int: 16    God:
Gold:   289        SH:  0    Dex:  8    Spells: 8/14 levels left

rFire   . . .      SeeInvis .   p - +2 dagger (pain)
rCold   . . .      Faith    .   (no shield)
rNeg    . . .      Spirit   .   b - +0 robe
rPois   .          Reflect  .   c - +0 hat
rElec   .          Harm     .   (no cloak)
rCorr   .          Rampage  .   (gloves unavailable)
Will    .....                   (boots unavailable)
Stlth   ++........              e - amulet of magic regeneration
HPRegen 0.21/turn               (no ring)
MPRegen 0.38/turn               (no ring)

@: lethally poisoned (0 -> -7)
A: large, unfitting armour, tough skin 1
a: no special abilities


You were on level 4 of the Dungeon.
You visited 1 branch of the dungeon, and saw 4 of its levels.

You collected 289 gold pieces.

Inventory:

Hand Weapons
 a - a +0 dagger
 g - a +0 spear
 p - a +2 dagger of pain (weapon)
Missiles
 q - 2 boomerangs
 r - 17 poisoned darts
Armour
 b - a +0 robe (worn)
 c - a +0 hat (worn)
Jewellery
 e - an amulet of magic regeneration (around neck)
Wands
 u - a wand of mindburst (12)
Scrolls
 d - a scroll of immolation {unknown}
 k - 5 scrolls of identify {unknown}
 l - 3 scrolls of noise {unknown}
 o - a scroll of amnesia {unknown}
 s - a scroll of enchant weapon {unknown}
Potions
 f - a potion of heal wounds {unknown}
 h - 2 potions of degeneration {unknown}
 i - 2 potions of attraction {unknown}
 j - a potion of resistance {unknown}
 m - a potion of magic {unknown}
 n - 2 potions of curing
 t - a potion of might {unknown}


   Skills:
 - Level 3.0 Fighting
 - Level 1.0 Throwing
 - Level 2.0 Dodging
 - Level 2.0 Stealth
 - Level 4.0 Spellcasting
 - Level 3.0 Conjurations
 - Level 0.8 Summonings
 - Level 2.0 Translocations
 + Level 2.7 Air Magic
 + Level 2.7 Poison Magic
 + Level 1.4 Evocations


You had 8 spell levels left.
You knew the following spells:

 Your Spells              Type           Power      Damage    Failure   Level
a - Magic Dart            Conj           48%        1d5       4%          1
b - Blink                 Tloc           N/A        N/A       11%         2
c - Mephitic Cloud        Conj/Pois/Air  12%        N/A       16%         3

Your spell library contained the following spells:

 Spells                   Type           Power      Damage    Failure   Level
 Call Imp                 Summ           5%         N/A       19%         2
 Slow                     Hex            3%         N/A       26%         2
 Conjure Flame            Conj/Fire      8%         6-21      26%         3


Dungeon Overview and Level Annotations

Branches:
Dungeon (4/15)
 Temple: D:4-7

Altars:


Innate Abilities, Weirdness & Mutations

You are too large for most types of armour.
You have tough skin. (AC +1)


Message History

You feel sick. The adder barely misses you.
Unknown command.
Casting: Magic Dart (safe; 4% risk of failure)
Confirm with . or Enter, or press ? or * to list all spells.
Aiming: Magic Dart (safe; 4% risk of failure)
Press: ? - help, Shift-Dir - straight line, f/p - adder
Aim: an adder (heavily wounded, 100% to hit)
The magic dart hits the adder but does no damage.
The adder is heavily wounded.
You feel sick. The adder barely misses you.
Unknown command.
Casting: Magic Dart (safe; 4% risk of failure)
Confirm with . or Enter, or press ? or * to list all spells.
Aiming: Magic Dart (safe; 4% risk of failure)
Press: ? - help, Shift-Dir - straight line, f/p - adder
Aim: an adder (heavily wounded, 100% to hit)
The magic dart hits the adder.
The adder is almost dead.
You feel sick. The adder bites you.
* * * LOW HITPOINT WARNING * * *
You are more poisoned.
The adder poisons you! The adder bites you but does no damage.
Casting: Magic Dart (safe; 4% risk of failure)
Confirm with . or Enter, or press ? or * to list all spells.
You don't have enough magic to cast this spell.
You are too injured to fight recklessly!
Unknown command.
You are too injured to fight recklessly!
You are too injured to fight recklessly!
You closely miss the adder.
The adder is almost dead.
You feel sick. The adder bites you.
* * * LOW HITPOINT WARNING * * *
You are more poisoned.
The adder poisons you!
You hit the adder.
You kill the adder!
* * * LOW HITPOINT WARNING * * *
You feel sick.
You die...

########
#...#.#..#####
#.# #...#....#
########.#
#...##...#
#.......†#
#...##...#
#.######## #...
#...# #.#
#...##...# #.#
###........# #.#
#..........# #.#
# #...@....###.#
.#.#..†....>....#
............#####
............#
............#
.........####
....####.# ....
#.# .. #.#


There were no monsters in sight!

Vanquished Creatures
  A necrophage (D:4)
  A scorpion (D:4)
  A howler monkey (D:4)
  A hound (D:4)
  Natasha (thrice) (D:3)
  A hound skeleton (D:4)
  A gnoll (D:1)
  14 adders
  A shadow imp (D:3)
  2 worms
  3 dart slugs (D:1)
  9 orcs
  4 ball pythons
  12 endoplasms
  7 giant cockroaches
  9 goblins
  6 hobgoblins
  7 jackals
  3 quokkas
  3 bats (D:2)
  3 frilled lizards
  8 kobolds
  3 rats (D:1)
103 creatures vanquished.

Notes
Turn   | Place    | Note
-------+----------+-------------------------------------------
     0 | D:1      | shoop the Ogre Hedge Wizard began the quest for the Orb.
     0 | D:1      | Reached XP level 1. HP: 16/16 MP: 5/5
   300 | D:1      | Reached skill level 1 in Conjurations
   568 | D:1      | Reached XP level 2. HP: 24/24 MP: 2/6
   582 | D:1      | Learned a level 2 spell: Blink
   663 | D:1      | Reached skill level 4 in Spellcasting
   663 | D:1      | Reached skill level 1 in Translocations
   867 | D:1      | Reached XP level 3. HP: 25/31 MP: 8/8
  1499 | D:2      | Reached XP level 4. HP: 39/39 MP: 5/10
  1669 | D:2      | Reached skill level 1 in Fighting
  2013 | D:2      | Found a faded altar of an unknown god.
  2092 | D:2      | Learned a level 3 spell: Mephitic Cloud
  2281 | D:2      | Reached XP level 5. HP: 52/52 MP: 6/11
  2531 | D:3      | Reached skill level 1 in Throwing
  3084 | D:3      | Noticed Natasha
  3100 | D:3      | Killed Natasha
  3101 | D:3      | Noticed Natasha
  3113 | D:3      | Killed Natasha
  3114 | D:3      | Reached skill level 1 in Air Magic
  3114 | D:3      | Reached skill level 1 in Poison Magic
  3234 | D:3      | Noticed Natasha
  3240 | D:3      | Killed Natasha
  3241 | D:3      | Reached XP level 6. HP: 51/61 MP: 9/12
  4178 | D:4      | Noticed a necrophage
  4193 | D:4      | Killed a necrophage
  4194 | D:4      | Reached skill level 1 in Evocations
  4194 | D:4      | Reached XP level 7. HP: 44/67 MP: 2/13
  4547 | D:4      | HP: 3/67 [adder (3)]
  4549 | D:4      | Succumbed to an adder's poison

Illustrated notes

Levels and vault maps discovered:
D:1:      dpeg_arrival_tiny_h, layout_loops_cross, minmay_misc_feat_plants,
          chequers_serial_rivers_micro_a, minmay_pentomino_s2
D:2:      layout_loops_ring, ebering_ecumenical_altar_mist
D:3:      layout_loops_cross, uniq_natasha
D:4:      minmay_chambers_of_twos, layout_basic

Skill      XL: |  1  2  3  4  5  6 |
---------------+-------------------+-----
Conjurations   | 1 2 3 |  3.0
Dodging        | 2 |  2.0
Spellcasting   | 4 |  4.0
Translocations | 1 2 |  2.0
Stealth        | 2 |  2.0
Fighting       | 2 3 |  3.0
Throwing       | 1 |  1.0
Air Magic      | 1 2 |  2.7
Poison Magic   | 1 2 |  2.7
Evocations     | 1 |  1.4
Summonings     | |  0.8

Action                   |  1- 3 |  4- 6 |  7- 9 || total
-------------------------+-------+-------+-------++-------
Melee: Dagger            |    11 |    65 |     8 ||    84
       Spear             |    10 |     1 |       ||    11
 Cast: Magic Dart        |    83 |   216 |    43 ||   342
       Mephitic Cloud    |       |     3 |     2 ||     5
       Blink             |       |     1 |       ||     1
  Use: Potion            |       |       |     1 ||     1
 Stab: Confused          |       |     1 |       ||     1
Armor: Robe              |     9 |    32 |     5 ||    46
Dodge: Dodged            |    11 |    49 |    15 ||    75

Table legend: (Time is in decaauts)
 A = Elapsed time spent in this place.
 B = Non-inter-level travel time spent in this place.
 C = Inter-level travel time spent in this place.
 D = Time resting spent in this place.
 E = Time spent auto-exploring this place.
 F = Levels seen in this place.
 G = Mean time per level.
                   A        B        C        D        E       F      G
               +--------+--------+--------+--------+--------+-----+--------+
         Total |   4565 |   4418 |    147 |     18 |   3682 |   4 | 1141.2 |
       Dungeon |   4565 |   4418 |    147 |     18 |   3682 |   4 | 1141.2 |
               +--------+--------+--------+--------+--------+-----+--------+

Top non-repeatable levels by time:
     D:1: 1441 daAuts
     D:3: 1076 daAuts
     D:2: 1059 daAuts
     D:4: 987 daAuts
